Map: Frost LE

Players

lllllllllll - Winner!

  • Race: Zerg Zerg
  • League: Master

IIIIIIIIIIII (State)

  • Race: Protoss Protoss
  • League: Grandmaster

VOD

Have the link to the VOD?

Description

Time

  • Played on: Aug. 4, 2016, 2:42 a.m.
  • Length: 15:02
Show
View Real Time Build Order
Export as new Build Order

lllllllllll Zerg - Winner!

Build Orders: Hatch First 

Get SALT Encoding   

  12  0:01  Drone  
  13  0:13  Overlord  
  13  0:18  Drone  
  14  0:31  Drone x2  
  16  0:50  Hatchery  
  16  0:53  Drone  
  16  0:56  Drone  
  17  1:00  Drone  
  18  1:10  Extractor  
  17  1:15  Spawning Pool  
  17  1:18  Drone  
  17  1:21  Drone  
  18  1:29  Drone  
  19  1:39  Drone  
  20  1:50  Hatchery  
  19  2:02  Queen  
  19  2:03  Zergling x2  
  19  2:08  Drone  
  23  2:12  Metabolic Boost  
  23  2:16  Drone  
  23  2:18  Drone  
  25  2:24  Overlord  
  25  2:28  Drone  
  26  2:32  Drone  
  27  2:43  Queen  
  27  2:44  Zergling x4  
  31  2:53  Drone x2  
  33  3:01  Pneumatized Carapace  
  33  3:06  Overlord  
  33  3:09  Drone x4  
  36  3:18  Drone x2  
  36  3:19  Queen  
  40  3:23  Zergling x2  
  40  3:26  Zergling x2  
  42  3:28  Drone x2  
  44  3:38  Drone x2  
  44  3:40  Drone x3  
  49  3:46  Overlord  
  49  3:48  Drone  
  50  3:55  Baneling Nest  
  50  3:57  Evolution Chamber, Queen  
  50  4:01  Overlord  
  48  4:03  Drone  
  48  4:05  Zergling x2  
  48  4:06  Zergling x2  
  51  4:14  Overlord  
  51  4:15  Drone  
  52  4:19  Extractor  
  52  4:20  Zergling x2  
  52  4:21  Zergling x12  
  58  4:27  Zerg Melee Weapons Level 1  
  58  4:28  Overlord  
  58  4:30  Drone  
  59  4:33  Zergling x2  
  60  4:38  Drone x2  
  60  4:39  Drone  
  60  4:43  Baneling  
  63  4:49  Overlord  
  63  4:51  Zergling x6  
  66  4:52  Baneling  
  66  4:53  Baneling  
  66  4:57  Zergling x6  
  66  4:58  Zergling x4  
  70  5:14  Drone x5  
  62  5:24  Drone x9  
  62  5:28  Spore Crawler, Lair  
  70  5:31  Extractor  
  69  5:37  Drone x3  
  69  5:39  Baneling x2  
  69  5:40  Evolution Chamber, Baneling  
  71  5:46  Overlord  
  71  5:51  Baneling  
  71  5:52  Drone  
  71  5:53  Drone x2  
  71  5:54  Extractor  
  73  5:58  Drone x2  
  73  5:59  Drone x4  
  73  6:01  Queen  
  73  6:02  Overlord x2  
  81  6:13  Zergling x10  
  81  6:18  Hatchery  
  85  6:22  Drone  
  86  6:26  Zergling x2  
  86  6:27  Hatchery, Zergling x14  
  86  6:30  Zerg Ground Armor Level 1  
  93  6:39  Drone x2  
  93  6:45  Zergling x2  
  93  6:46  Zergling x8  
  92  6:59  Overlord  
  92  7:00  Zerg Melee Weapons Level 2  
  84  7:01  Drone  
  84  7:02  Drone x8  
  90  7:09  Drone  
  90  7:11  Drone x2  
  90  7:14  Queen  
  93  7:23  Overseer, Zergling x6  
  93  7:24  Baneling x2  
  93  7:26  Centrifical Hooks  
  96  7:32  Extractor  
  96  7:33  Queen  
  97  7:43  Zergling x12  
  102  7:52  Hatchery, Baneling x13  
  102  7:53  Zergling x12  
  102  7:57  Queen  
  109  8:05  Zergling x12  
  110  8:06  Zergling x4  
  116  8:14  Zergling x8, Drone  
  116  8:15  Baneling  
  116  8:16  Baneling x9  
  116  8:17  Overlord  
  116  8:19  Overlord  
  119  8:39  Zergling x28  
  119  8:40  Zergling x2  
  123  8:47  Infestation Pit  
  122  8:49  Zergling x6  
  122  8:51  Overlord x5  
  125  9:10  Zergling x6  
  125  9:11  Zergling x14  
  111  9:28  Zergling x2  
  97  9:32  Zergling x10  
  97  9:33  Zergling x24  
  105  9:45  Hive  
  101  9:46  Zergling x24  
  101  9:48  Baneling x8  
  101  9:50  Queen  
  115  9:53  Zergling x2  
  115  9:54  Zergling x6  
  115  9:59  Zergling x4, Drone  
  121  10:05  Zergling x8  
  122  10:09  Zerg Ground Armor Level 2  
  122  10:10  Zergling x2  
  122  10:11  Zergling x2  
  122  10:12  Queen  
  126  10:15  Zergling x2  
  126  10:16  Zergling x10  
  126  10:19  Baneling  
  126  10:20  Baneling x3  
  131  10:27  Zergling x6  
  131  10:28  Zergling x16  
  105  10:37  Zergling x12  
  105  10:41  Zergling x6  
  105  10:42  Zergling x10  
  117  10:43  Baneling x4  
  117  10:48  Queen  
  113  10:51  Zergling x2  
  113  10:52  Zergling x6  
  115  10:59  Adrenal Glands  
  114  11:11  Zergling x22, Drone  
  121  11:14  Baneling  
  107  11:27  Zergling x2, Drone  
  107  11:28  Zergling x24  
  108  11:34  Baneling x9  
  106  11:44  Zergling x14  
  106  11:45  Zergling x4  
  107  11:52  Drone  
  107  11:53  Zergling x12  
  104  11:58  Zergling x2  
  104  11:59  Zergling x6  
  102  12:05  Drone x4  
  104  12:10  Zerg Melee Weapons Level 3  
  103  12:17  Drone x5  
  108  12:26  Ultralisk Cavern  
  107  12:30  Baneling x9  
  107  12:34  Zergling x6  
  107  12:36  Baneling x4  
  110  12:41  Overlord  
  110  12:48  Spore Crawler  
  110  12:49  Spine Crawler  
  107  13:17  Ultralisk x2  
  107  13:18  Chitinous Plating, Ultralisk x2  
  131  13:24  Baneling x6  
  131  13:25  Drone  
  130  13:42  Ultralisk  
  130  13:43  Overlord x3  
  130  13:44  Infestor  
  138  13:53  Zergling x10  
  138  13:54  Zergling x4  
  145  13:58  Hatchery, Overlord x2  
  145  14:02  Drone  
  145  14:03  Extractor  
  145  14:06  Drone  
  145  14:11  Baneling x7  
  145  14:12  Zergling x6  
  145  14:15  Baneling  
  145  14:16  Baneling x5  
  148  14:24  Overseer  
  154  14:34  Zergling x14  
  158  14:43  Zergling x14  
Show
View Real Time Build Order
Export as new Build Order

IIIIIIIIIIII Protoss 

Build Orders: 1 Gate Expand 

Get SALT Encoding   

  12  0:02  Probe (Chrono Boost)  
  13  0:13  Probe (Chrono Boost)  
  14  0:18  Pylon  
  14  0:23  Probe (Chrono Boost)  
  15  0:36  Probe (Chrono Boost)  
  15  0:37  Gateway  
  16  0:43  Assimilator  
  16  0:47  Probe (Chrono Boost)  
  17  0:57  Probe (Chrono Boost)  
  18  1:08  Probe (Chrono Boost)  
  19  1:20  Nexus  
  19  1:23  Probe (Chrono Boost)  
  20  1:33  Cybernetics Core  
  20  1:36  Probe (Chrono Boost)  
  21  1:41  Assimilator  
  21  1:46  Probe (Chrono Boost)  
  22  1:51  Pylon  
  22  1:57  Probe (Chrono Boost)  
  23  2:07  Adept  
  23  2:09  Warp Gate  
  23  2:11  Probe (Chrono Boost)  
  26  2:20  Twilight Council  
  27  2:23  Probe (Chrono Boost)  
  27  2:31  Stalker  
  27  2:32  Probe (Chrono Boost)  
  31  2:38  Probe (Chrono Boost)  
  31  2:43  Probe (Chrono Boost)  
  32  2:45  Resonating Glaives  
  32  2:50  Probe (Chrono Boost)  
  33  2:53  Probe (Chrono Boost)  
  34  3:02  Probe (Chrono Boost)  
  34  3:04  Probe (Chrono Boost)  
  36  3:14  Probe (Chrono Boost)  
  36  3:15  Gateway  
  36  3:16  Probe (Chrono Boost), Gateway  
  38  3:26  Probe (Chrono Boost), Robotics Facility  
  40  3:27  Probe (Chrono Boost)  
  40  3:39  Probe (Chrono Boost)  
  40  3:40  Mothership Core (Chrono Boost)  
  43  3:42  Pylon  
  43  3:46  Pylon  
  43  3:50  Pylon  
  43  3:51  Probe (Chrono Boost)  
  44  3:58  Probe (Chrono Boost)  
  44  4:02  Probe (Chrono Boost)  
  46  4:04  Assimilator  
  46  4:09  Probe (Chrono Boost)  
  47  4:12  Observer  
  47  4:13  Probe (Chrono Boost)  
  47  4:14  Forge  
  47  4:16  Adept x3  
  55  4:23  Probe (Chrono Boost)  
  57  4:28  Warp Prism  
  57  4:36  Adept x3  
  64  4:42  Protoss Ground Weapons Level 1  
  64  4:44  Nexus  
  64  4:48  Blink, Pylon  
  64  5:07  Probe (Chrono Boost)  
  64  5:08  Adept x2  
  64  5:09  Probe (Chrono Boost)  
  67  5:17  Adept  
  67  5:18  Probe (Chrono Boost)  
  55  5:27  Observer  
  56  5:28  Adept x2, Probe (Chrono Boost)  
  56  5:30  Gateway  
  56  5:33  Probe (Chrono Boost), Gateway  
  61  5:41  Pylon  
  61  5:47  Adept  
  61  5:48  Gateway  
  65  5:51  Probe x2 (Chrono Boost)  
  65  5:52  Observer  
  66  5:57  Adept, Sentry  
  66  6:01  Probe (Chrono Boost)  
  66  6:03  Probe x2 (Chrono Boost)  
  73  6:09  Adept  
  75  6:12  Probe (Chrono Boost)  
  75  6:15  Probe (Chrono Boost)  
  75  6:16  Probe (Chrono Boost)  
  78  6:22  Adept x2  
  78  6:23  Gateway  
  82  6:37  Probe (Chrono Boost)  
  82  6:38  Probe (Chrono Boost)  
  78  6:40  Stalker x2  
  78  6:43  Protoss Ground Weapons Level 2  
  82  6:50  Adept x3  
  82  6:53  Probe x2 (Chrono Boost)  
  89  6:57  Probe (Chrono Boost)  
  80  7:03  Immortal  
  80  7:05  Probe (Chrono Boost)  
  80  7:06  Probe (Chrono Boost)  
  80  7:16  Stalker x3  
  80  7:18  Assimilator  
  80  7:20  Probe x2 (Chrono Boost)  
  80  7:21  Probe (Chrono Boost)  
  80  7:22  Assimilator  
  89  7:32  Probe x3 (Chrono Boost)  
  92  7:37  Pylon x2  
  92  7:39  Pylon  
  92  7:41  Warp Prism  
  94  7:50  Pylon  
  94  7:54  Stalker x3  
  100  8:10  Stalker x4  
  110  8:21  Immortal  
  112  8:32  Adept x3  
  118  8:37  Adept x3  
  116  8:41  Adept  
  116  8:45  Gateway x2  
  116  8:46  Gateway  
  116  8:47  Gateway  
  118  8:55  Stalker x2  
  122  8:56  Stalker  
  122  9:01  Stalker x4  
  132  9:08  Pylon  
  124  9:27  Adept x7  
  92  9:32  Adept x5  
  92  9:34  Adept x2  
  94  9:52  Stalker x9  
  112  10:01  Adept x2  
  116  10:16  Adept x7  
  116  10:17  Adept x2  
  132  10:34  Adept x2  
  100  10:39  Adept x4  
  106  10:44  Adept  
  108  10:51  Adept x4  
  116  11:01  Stalker x2  
  116  11:02  Stalker x4  
  124  11:16  Stalker x5  
  110  11:29  Adept x5  
  89  11:49  Adept x2  
  89  11:50  Adept  
  89  11:51  Adept x4  
  75  11:56  Adept x2  
  55  12:18  Sentry  
  55  12:19  Sentry x3  
  55  12:20  Sentry  
  55  12:21  Adept x3  
  71  12:31  Adept, Sentry  
  71  12:32  Adept  
  79  12:49  Nexus  
  79  12:55  Adept x3, Sentry x2  
  87  12:59  Pylon  
  86  13:18  Pylon  
  86  13:20  Nexus  
  86  13:40  Sentry x2  
  88  13:42  Stalker x4  
  96  13:56  Warp Prism  
  96  14:01  Probe x2 (Chrono Boost)  
  100  14:06  Stalker x2  
  104  14:12  Templar Archives  
  104  14:22  Probe x2 (Chrono Boost)  
  106  14:36  Archon x5  
  106  14:37  Archon x3  
  104  14:39  Probe (Chrono Boost)  
  104  14:48  Stalker x3  
Tags
 
Add a new tag
Caveats
  • Supply blocks, unpowered buildings, or Contaminate may cause inaccurate times.
  • Supply counts are checked every 10 seconds.